 Dungeon Crawl Stone Soup version 0.19.1 (webtiles) character file.

13 jomper the Grave Robber (level 2, -2/20 HPs)
             Began as a Ghoul Necromancer on Dec 15, 2016.
             Slain by a gnoll
             ... wielding a +3 spear
              (9 damage)
             ... on level 2 of the Dungeon.
             The game lasted 00:07:12 (988 turns).

jomper the Grave Robber (Ghoul Necromancer)          Turns: 988, Time: 00:07:12

Health: -2/20      AC:  2    Str: 11    XL:     2   Next: 37%
Magic:  3/3        EV: 12    Int: 10    God:
Gold:   37         SH:  0    Dex:  9    Spells: 1 memorised, 3 levels left

rFire  . . .     SeeInvis .     p - +0 short sword
rCold  + . .     Gourm    .     n - +0 robe
rNeg   + + +     Faith    .     (no shield)
rPois  ∞         Spirit   .     (no helmet)
rElec  .         Reflect  .     (no cloak)
rCorr  .         Harm     .     (no gloves)
MR     .....                    (no boots)
Stlth  ++........               (no amulet)
                                (no ring)
                                (no ring)

@: rotting
A: rotting body, claws 1, carnivore 3, cold resistance 1, negative energy
resistance 3, slow regeneration 1, torment resistance, unbreathing
a: no special abilities


You were on level 2 of the Dungeon.
You were not hungry.

You visited 1 branch of the dungeon, and saw 2 of its levels.

You collected 37 gold pieces.

Inventory:

Hand Weapons
 e - a +0 dagger
 k - a +0 whip
 p - a +0 short sword (weapon)
Missiles
 f - 50 stones (quivered)
 q - 19 arrows
Armour
 a - a +0 robe
 n - a +0 robe (worn)
Scrolls
 d - a scroll of fog {unknown}
 g - a scroll of teleportation {unknown}
 j - a scroll of blinking {unknown}
 l - 2 scrolls of enchant weapon {unknown}
 m - 2 scrolls of identify {unknown}
 o - a scroll of amnesia {unknown}
Potions
 h - a potion of ambrosia {unknown}
 i - 2 potions of lignification {unknown}
Books
 b - a book of Necromancy

   Spells                             Type                      Level
   a - Pain                           Necromancy                   1
   b - Animate Skeleton               Necromancy                   1
   c - Vampiric Draining              Necromancy                   3
   d - Regeneration                   Charms/Necromancy            3
   e - Animate Dead                   Necromancy                   4
   f - Control Undead                 Necromancy                   4
Comestibles
 c - a chunk of flesh


   Skills:
 * Level 0.2 Fighting
 * Level 2.0 Dodging
 + Level 2.2 Stealth
 * Level 1.9 Spellcasting
 - Level 4.2 Necromancy


You had 3 spell levels left.
You knew the following spells:

 Your Spells              Type           Power        Failure   Level  Hunger
a - Pain                  Necr           #...         8%          1    ##.....


Dungeon Overview and Level Annotations

Branches:
Dungeon (2/15)

Altars:


Innate Abilities, Weirdness & Mutations

Your body is rotting away.
You thrive on raw meat.
You are immune to poison.
You have sharp fingernails.
You are carnivorous and can eat meat at any time.
Your flesh is cold resistant. (rC+)
You are immune to negative energy. (rN+++)
You regenerate slowly when monsters are visible.
You are immune to unholy pain and torment.
You can survive without breathing.


Message History

c - 2 chunks of flesh;
c - 3 chunks of flesh (gained 1) Eat one of 3 chunks of flesh? (ye/n/q)
You start eating one of the 3 chunks of flesh.
You feel more resilient.
This raw flesh tastes great!
Eat one of 2 chunks of flesh? (ye/n/q)
You start eating one of the 2 chunks of flesh.
You feel more resilient.
This raw flesh tastes great!
You see here 19 arrows.
q - 19 arrows A goblin and a gnoll come into view.
The gnoll shouts!
The goblin shouts!
A gnoll comes into view. It is wielding an enchanted spear.
The goblin hits you with a club.
A hobgoblin comes into view.
You closely miss the goblin. The goblin hits you but does no damage.
You closely miss the goblin. The goblin hits you with a club.
The gnoll completely misses you.
You closely miss the goblin. The goblin hits you with a club.
The gnoll hits you from afar with an enchanted spear!
You die...

.. #.# #.
.. .. ..
.#.# ...#
#gg# #
####..##.#
#..g@....#
####..####
#..# ###
#..#
##.######
#..#
#..<.....
#..#
##.######
##..# #.#
###...#
#.#
##...#.#
#.######


You could see 2 gnolls and a goblin.

Vanquished Creatures
  A dart slug (D:1)
  A ball python (D:1)
  2 jackals (D:2)
  3 bats (D:1)
  2 kobolds
  2 rats
11 creatures vanquished.

Notes
Turn   | Place    | Note
-------+----------+-------------------------------------------
     0 | D:1      | jomper the Ghoul Necromancer began the quest for the Orb.
     0 | D:1      | Reached XP level 1. HP: 14/14 MP: 2/2
   280 | D:1      | Reached XP level 2. HP: 11/20 MP: 1/3
   988 | D:2      | Slain by a gnoll

Skill      XL: |  1  2 |
---------------+-------+-----
Dodging        | 2 |  2.0
Fighting       | |  0.2
Stealth        | |  2.2
Spellcasting   | |  1.9
Necromancy     | |  4.2

Action                   || total
-------------------------++-------
Melee: Dagger            ||    25
       Short sword       ||    17
Throw: Stone             ||     1
 Cast: Pain              ||     6
 Stab: Sleeping          ||     2
  Eat: Chunk             ||     4
       Meat ration       ||     1
Armor: Robe              ||    15
Dodge: Dodged            ||    45
